akkala, neutral male human Monk -------- |.....(| -------------- |.....<| |............| -----|-- #-`........%...###` # ###-----.-------- # # # # ### # ### # # # # # ##` # ### # # # # # ### -----|--# -----.- # ----- |......|# |.`....#### ....| |......-# |...@.| |..{| |......| |....e-#######-..>. |......| ------- ----- |......| -------- akkala the Initiate Experience level: 7 Strength: 15 Dexterity: 14 Constitution: 11 Intelligence: 10 Wisdom: 15 Charisma: 11 Health: 58(58) Energy: 30(30) Def: 6 Gold: 544 Moves: 2272 Dungeon seed: aJzlzI9Lj1FvqKqo Game ID: akkala_1541510063 Your Inventory: Coins $ - 544 gold pieces Weapons p - 20 uncursed +0 darts r - an uncursed +0 elven dagger t - 5 uncursed +0 daggers (in quiver) x - an uncursed +0 orcish dagger z - 10 blessed +1 darts H - an uncursed +1 dagger J - a blessed +0 dagger Armor e - an uncursed +2 pair of leather gloves (being worn) n - an uncursed +1 robe (being worn) Comestibles d - 4 uncursed food rations f - 6 uncursed apples g - 5 uncursed oranges h - 5 uncursed fortune cookies T - an uncursed tripe ration Potions c - 3 uncursed potions of healing Tools k - an uncursed credit card s - 6 cursed wax candles (0:400) v - an uncursed towel M - a cursed partly used wax candle (0:13) Spells and supernatural/magical abilities: Name Level Category Fail Memory p - protection 1 clerical 0% 89% W - pray for help -- divine ? -- Your skills at the end: Fighting Skills martial arts [Basic] Weapon Skills Spellcasting Skills healing spells [Basic] Final Attributes: You were piously aligned. You were sleep resistant. You were poison resistant. You saw invisible. You were warned. You were stealthy. You were fast. You survived. Vanquished creatures: 3 human zombies 6 gnome lords 4 gnomish wizards a kobold mummy a floating eye a kitten 8 dwarves a kobold lord 2 rothes 2 dwarf zombies an iguana 2 gas spores a hobbit a giant rat a cave spider 2 brown molds a yellow mold a red mold 24 gnomes 3 geckos 2 jackals a kobold 3 goblins 2 sewer rats 4 grid bugs 4 lichens 2 kobold zombies 4 newts 88 creatures vanquished. Voluntary challenges: You followed a strict vegan diet. You never hit with a wielded weapon. You read items or engraved 10 times, starting on turn 793. You never genocided any monsters. You never polymorphed an object. You never changed form. You used no wishes. You never split a pudding. You wrote Elbereth's name 10 times, starting on turn 793. You violated your moral code, losing 24 points of alignment, starting on turn 530. Dungeon overview: The Dungeons of Doom: levels 1 to 5 Level 1 a long staircase Level 2 some fountains stairs to The Gnomish Mines Level 3 a fountain Level 4 <- You were here a fountain Level 5 The Gnomish Mines: levels 3 to 7 Level 3 stairs to The Dungeons of Doom Level 4 Level 5 many shops, a temple to Huan Ti, some fountains Level 6 Level 7 History has recorded: On T:1 you entered the Dungeons of Doom to retrieve the Amulet of Yendor! On T:171 you reached level 2 of The Dungeons of Doom. On T:259 you advanced to experience level 2. On T:341 you reached level 3 of The Dungeons of Doom. On T:360 you reached level 4 of The Dungeons of Doom. On T:530 you advanced to experience level 3. On T:530 you advanced to experience level 4. On T:598 you reached level 1 of The Gnomish Mines. On T:681 you advanced to experience level 5. On T:711 you reached level 2 of The Gnomish Mines. On T:905 you reached level 4 of The Gnomish Mines. On T:911 you advanced to experience level 6. On T:1013 you reached level 5 of The Gnomish Mines. On T:1256 you reached level 3 of The Gnomish Mines. On T:1694 you advanced to experience level 7. On T:2116 you reached level 5 of The Dungeons of Doom. Score breakdown: Gold: 544 ( 9308 points) Experience: 7 levels (13645 points) Exploration: 7 levels ( 14.00%) (10497 points) Discoveries: 6 items ( 2.14%) ( 4391 points) Valuables value: (no points given unless you survive) Artifact value: 0 ( 0 points) Variety of kills: 28 monsters ( 7.35%) ( 8132 points) Turncount: 2272 turns ( -189 points) Survival: quit (score multiplied by 90%) Total score: 41205 Latest messages: Suddenly you are frozen in place! You stop picking the lock. You hear a door open. You can move again. You carefully open the large box named STASH... You put a circular amulet into the large box named STASH. You put a scroll labeled FOOBIE BLETCH into the large box named STASH. You put a scroll labeled TEMOV into the large box named STASH. You put 2 yellowish brown gems into the large box named STASH. Where do you want to travel to? You see here a statue of a sewer rat. Where do you want to travel to? A floating eye blocks your way. You see here a giant rat corpse. (2x) You try to move the boulder, but in vain. With great effort you move the boulder. You are beginning to feel hungry. Final status: Goodbye akkala the Monk, quit... You quit in The Dungeons of Doom on dungeon level 4 with 41205 points, and 544 pieces of gold, after 2272 moves. You were level 7 with a maximum of 58 hit points when you quit.